 Dungeon Crawl Stone Soup version 0.20-a0-550-gf70bbbc (webtiles) character file.

15103 HEYYEYAAE the Bludgeoner (level 11, 0/141 HPs)
             Began as a Troll Berserker on Feb 2, 2017.
             Was the Champion of Trog.
             Slain by a two-headed ogre
             ... wielding a +0 giant club
              (12 damage)
             ... on level 13 of the Dungeon.
             The game lasted 00:13:56 (9039 turns).

HEYYEYAAE the Bludgeoner (Troll Berserker)          Turns: 9039, Time: 00:13:57

Health: 0/141      AC: 14    Str: 35    XL:     11   Next: 97%
Magic:  8/8        EV: 10    Int:  3    God:    Trog [******]
Gold:   495        SH:  0    Dex:  9    Spells: 10/10 levels left

rFire    . . .     SeeInvis .   D - +5 dire flail (crush)
rCold    . . .     Gourm    +   Q - +1 acid dragon scales
rNeg     . . .     Faith    .   (shield currently unavailable)
rPois    +         Spirit   .   (helmet restricted)
rElec    .         Reflect  .   b - +2 cloak
rCorr    +         Harm     .   (gloves unavailable)
MR       ++...     Clarity  +   (boots unavailable)
Stlth    ..........             (no amulet)
Regen    1.8/turn               (no ring)
                                (no ring)

@: berserking, regenerating, very quick
A: unfitting armour, claws 3, clarity, fast metabolism 3, gourmand, low mp 1,
poison resistance, regeneration 1, shaggy fur 1, tough skin 2
a: Berserk, Trog's Hand, Brothers in Arms, Burn Spellbooks, Renounce Religion


You were on level 13 of the Dungeon.
You worshipped Trog.
Trog was exalted by your worship.
You were full.

You visited 1 branch of the dungeon, and saw 13 of its levels.
You also visited: Ossuary.

You collected 495 gold pieces.

Inventory:

Hand Weapons
 v - a +0 giant club of freezing
 D - a +5 dire flail of crushing (weapon)
Missiles
 M - 3 javelins of penetration
 X - 15 large rocks (quivered)
Armour
 b - a +2 cloak (worn)
 m - a +2 robe of cold resistance
 y - a +0 cloak
 Q - +1 acid dragon scales (worn)
Wands
 a - a wand of confusion (26/48)
 n - a wand of polymorph (3/24)
 w - a wand of polymorph (24/24)
 N - a wand of disintegration (9/24)
 T - a wand of iceblast (5/15)
 Y - a wand of paralysis (11/24)
Scrolls
 e - 8 scrolls of remove curse
 f - a scroll of blinking
 g - 2 scrolls of amnesia
 h - 4 scrolls of teleportation
 i - a scroll of fog
 k - 2 scrolls of fear
 l - 2 scrolls of immolation
 x - 5 scrolls of recharging
 z - a scroll of brand weapon
 B - 2 scrolls of enchant armour
 H - a scroll of torment {unknown}
 I - a scroll of acquirement {unknown}
 K - a scroll of noise {unknown}
 O - a scroll of magic mapping
 U - a scroll of silence {unknown}
 W - 2 scrolls of vulnerability
Potions
 j - a potion of mutation
 q - 2 potions of brilliance {unknown}
 r - 8 potions of curing {unknown}
 t - 2 potions of lignification
 A - 3 potions of haste
 C - 4 potions of might
 E - a potion of experience {unknown}
 G - a potion of cancellation {unknown}
 J - 2 potions of cure mutation {unknown}
 L - a potion of flight {unknown}
 R - a potion of beneficial mutation {unknown}
 V - a potion of agility {unknown}
Books
 p - a book of Callings

   Spells                             Type                      Level
   a - Summon Small Mammal            Summoning                    1
   b - Call Imp                       Summoning                    2
   c - Call Canine Familiar           Summoning                    3
   d - Summon Guardian Golem          Hexes/Summoning              3
   e - Summon Lightning Spire         Summoning/Air                4
   f - Summon Ice Beast               Ice/Summoning                4
   Trog disapproves of the use of such an item.
 F - a book of Air

   Spells                             Type                      Level
   a - Shock                          Conjuration/Air              1
   b - Swiftness                      Charms/Air                   2
   c - Repel Missiles                 Charms/Air                   2
   d - Static Discharge               Conjuration/Air              3
   e - Lightning Bolt                 Conjuration/Air              5
   Trog disapproves of the use of such an item.
 S - a book of Battle

   Spells                             Type                      Level
   a - Infusion                       Charms                       1
   b - Shroud of Golubria             Charms/Translocation         2
   c - Song of Slaying                Charms                       2
   d - Spectral Weapon                Hexes/Charms                 3
   e - Regeneration                   Charms/Necromancy            3
   Trog disapproves of the use of such an item.
Comestibles
 c - 14 bread rations
 s - 7 meat rations
 u - a fruit
 P - 2 royal jellies


   Skills:
 - Level 2.4 Fighting
 * Level 16.3 Maces & Flails
 + Level 4.6 Armour
 - Level 2.4 Dodging


You had 10 spell levels left.
You didn't know any spells.

Dungeon Overview and Level Annotations

Branches:
Dungeon (13/15)            Temple (0/1) D:7            Lair (0/6) D:11
    Orc: D:9-12      Vaults: D:13-14

Altars:
Cheibriados
Dithmenos
Fedhas
Gozag
Nemelex Xobeh
Sif Muna
Trog
Uskayaw
Xom
Yredelemnul
Zin
The Shining One

Shops:
D:7 =

Portals:
Trove: D:13 (give +4 storm dragon scales)


Innate Abilities, Weirdness & Mutations

You are too large for most types of armour.
You have claws for hands.
Your metabolism is lightning-fast.
You like to eat raw meat.
Your natural rate of healing is unusually fast.
You are covered in fur. (AC +1)
You have very tough skin. (AC +2)
You possess an exceptional clarity of mind.
Your magical capacity is low. (-10% MP)
Your system is resistant to poisons. (rPois)


Message History

You sock the two-headed ogre!
The two-headed ogre is moderately wounded.
The two-headed ogre hits you with a giant club.
The two-headed ogre hits you with a giant spiked club!!
You sock the two-headed ogre!
The two-headed ogre is moderately wounded.
The two-headed ogre misses you.
The two-headed ogre hits you with a giant club!
* * * LOW HITPOINT WARNING * * *
An ogre mage comes into view. It is wielding a whip.
The ogre mage shouts!
You bludgeon the two-headed ogre!!
The two-headed ogre is severely wounded.
You feel the effects of Trog's Hand fading.
You barely miss the two-headed ogre.
The two-headed ogre is moderately wounded.
The two-headed ogre hits you with a giant club!!
* * * LOW HITPOINT WARNING * * *
The two-headed ogre hits you with a giant spiked club!
You die...

*,,,,,,,,,,,,,,,,,,
#.**********,,,,,** #.*
*,,,,,* #.# *****,*,***
#.# *,,,,,,***** #.#
*,,,,,,,,,,* ##.##
*,,,,,,,,,,*
**#####..O#####.#.#,,,,,,*
*,.......@O.....O.#∩,,,,,,
*,.####...#.##..#.#**,,,,,
*,,* ##.##.#*.....,,,,,,,
*,,* #.##.##..#.#.#,,,,,
*,,* #..........,..,,,,,
*$.#####.##.##.##.#.#*****
*.......<##.##.#....#
*..###...........#.## *,,*
##..##.##.#....##


You could see 2 two-headed ogres and an ogre mage.

Vanquished Creatures
  6 two-headed ogres
  Urug (D:11)
  2 deep elf magi (D:10)
  3 cyclopes (D:11)
  A gargoyle (D:10)
  A troll (D:11)
  A hornet (D:11)
  Prince Ribbit (D:6)
  2 hippogriffs
  Sigmund (D:3)
  A vampire (D:11)
  A spriggan (D:7)
  5 yaks (D:11)
  The ghost of HEYYEYAAE the Cudgeler, an amateur TrBe of Trog (D:4)
  A wyvern (D:8)
  2 hungry ghosts (D:9)
  Menkaure (D:6)
  Edmund (D:6)
  A soldier ant (D:11)
  An acid dragon (D:9)
  2 orc warriors
  A phantom (D:4)
  3 ice beasts
  4 sky beasts
  A black bear (D:10)
  A centaur (D:3)
  6 ogres
  3 wolves (D:11)
  3 big kobolds
  A gnoll sergeant (D:9)
  3 bullfrogs
  A water moccasin zombie (D:6)
  5 scorpions
  11 killer bees
  4 wights (D:9)
  A howler monkey (D:8)
  3 electric eels
  4 crimson imps
  A bullfrog zombie (D:11)
  8 hounds
  2 centaur zombies
  2 bullfrog skeletons
  3 jellies
  2 orc priests
  2 centaur skeletons
  8 orc wizards
  An iguana (D:8)
  9 worker ants
  6 big kobold zombies (Ossuary)
  A hound zombie (D:11)
  A mummy (Ossuary)
  3 gnolls (D:9)
  10 adders
  A shadow imp (D:5)
  An adder skeleton (D:4)
  3 dart slugs (D:1)
  3 worms
  7 leopard geckos
  25 orcs
  2 spectral bats (Ossuary)
  2 ball pythons (D:1)
  7 bats
  3 giant cockroaches
  6 gnoll zombies (Ossuary)
  5 goblins
  12 hobgoblins
  30 jackals
  22 kobolds
  3 quokkas
  2 bat simulacra (Ossuary)
  4 frilled lizards
  3 goblin simulacra (Ossuary)
  5 goblin zombies (Ossuary)
  5 hobgoblin zombies (Ossuary)
  4 kobold simulacra (Ossuary)
  4 kobold zombies (Ossuary)
  A leopard gecko zombie (D:5)
  4 orc zombies (Ossuary)
  6 rats
  A rat simulacrum (Ossuary)
  2 spectral goblins (Ossuary)
  A spectral kobold (Ossuary)
  3 spectral rats (Ossuary)
327 creatures vanquished.

Vanquished Creatures (others)
  3 plants (D:6)
3 creatures vanquished.

Grand Total: 330 creatures vanquished

Notes
Turn   | Place    | Note
-------+----------+-------------------------------------------
     0 | D:1      | HEYYEYAAE the Troll Berserker began the quest for the Orb.
     0 | D:1      | Reached XP level 1. HP: 22/22 MP: 0/0
   106 | D:1      | Reached skill level 3 in Maces & Flails
   249 | D:1      | Reached XP level 2. HP: 27/29 MP: 1/1
   565 | D:1      | Reached ** piety under Trog
   570 | D:1      | Reached XP level 3. HP: 22/36 MP: 2/2
   880 | D:2      | Reached skill level 4 in Maces & Flails
  1080 | D:2      | Reached XP level 4. HP: 19/44 MP: 3/3
  1627 | D:3      | Found a faded altar of an unknown god.
  1627 | D:3      | Found a glowing golden altar of the Shining One.
  1636 | D:3      | Found a snail-covered altar of Cheibriados.
  1646 | D:3      | Found a glowing silver altar of Zin.
  1648 | D:3      | Found a sparkling altar of Nemelex Xobeh.
  1723 | D:3      | Noticed a centaur
  1744 | D:3      | Killed a centaur
  1744 | D:3      | Reached skill level 5 in Maces & Flails
  1744 | D:3      | Reached XP level 5. HP: 50/50 MP: 4/4
  1912 | D:3      | Reached *** piety under Trog
  1947 | D:3      | Noticed Sigmund
  1958 | D:3      | Killed Sigmund
  1958 | D:3      | Reached skill level 6 in Maces & Flails
  1958 | D:3      | Reached XP level 6. HP: 54/59 MP: 5/5
  2431 | D:4      | Reached skill level 7 in Maces & Flails
  2471 | D:4      | Reached XP level 7. HP: 37/66 MP: 6/6
  2693 | D:4      | Noticed HEYYEYAAE's ghost (amateur TrBe)
  2702 | D:4      | Killed HEYYEYAAE's ghost
  2702 | D:4      | Reached skill level 8 in Maces & Flails
  2845 | D:4      | Found a shimmering altar of Xom.
  2847 | D:4      | Found a burning altar of Makhleb.
  2847 | D:4      | Found a snail-covered altar of Cheibriados.
  2849 | D:4      | Found a glowing silver altar of Zin.
  2849 | D:4      | Found a bloodstained altar of Trog.
  2849 | D:4      | Found a shimmering altar of Xom.
  2987 | D:5      | Entered Level 5 of the Dungeon
  3311 | D:5      | Reached skill level 9 in Maces & Flails
  3311 | D:5      | Reached XP level 8. HP: 74/74 MP: 7/7
  3553 | D:5      | Found an opulent altar of Gozag.
  3681 | D:6      | Reached **** piety under Trog
  3702 | D:6      | Noticed Prince Ribbit
  3822 | D:6      | Found a hide-covered altar of Uskayaw.
  3823 | D:6      | Noticed a hand axe
  3824 | D:6      | Noticed a hand axe
  3834 | D:6      | Noticed Menkaure
  3843 | D:6      | Killed Menkaure
  3843 | D:6      | Reached skill level 10 in Maces & Flails
  4155 | D:6      | Found a deep blue altar of Sif Muna.
  4194 | D:6      | Found a blossoming altar of Fedhas.
  4222 | D:6      | Killed Prince Ribbit
  4314 | D:6      | Noticed Edmund
  4343 | D:6      | Killed Edmund
  4561 | D:6      | Reached skill level 11 in Maces & Flails
  4561 | D:6      | Reached XP level 9. HP: 38/80 MP: 8/8
  4890 | D:7      | Found a staircase to the Ecumenical Temple.
  5305 | D:7      | Found Maenukk's Jewellery Shop.
  5644 | D:8      | Noticed a two-headed ogre
  5653 | D:8      | Killed a two-headed ogre
  5653 | D:8      | Reached skill level 12 in Maces & Flails
  5686 | D:8      | Found a shadowy altar of Dithmenos.
  5737 | D:8      | Found a sand-covered staircase.
  5743 | Ossuary  | Entered an ossuary
  5790 | Ossuary  | Received a gift from Trog
  5795 | Ossuary  | Reached ***** piety under Trog
  6015 | Ossuary  | Received a gift from Trog
  6262 | D:8      | Reached skill level 13 in Maces & Flails
  6346 | D:8      | Found a basalt altar of Yredelemnul.
  6364 | D:8      | Reached XP level 10. HP: 88/88 MP: 9/9
  6655 | D:9      | Noticed a two-headed ogre
  6666 | D:9      | Killed a two-headed ogre
  6728 | D:9      | Noticed a two-headed ogre
  6734 | D:9      | Killed a two-headed ogre
  6811 | D:9      | Reached skill level 14 in Maces & Flails
  6871 | D:9      | Noticed a two-headed ogre
  6879 | D:9      | Killed a two-headed ogre
  7511 | D:10     | Entered Level 10 of the Dungeon
  7621 | D:10     | Reached XP level 11. HP: 94/94 MP: 10/10
  7630 | D:10     | Reached skill level 15 in Maces & Flails
  7630 | D:10     | Reached skill level 1 in Armour
  7686 | D:10     | Received a gift from Trog
  7775 | D:10     | Noticed a two-headed ogre
  7782 | D:10     | Killed a two-headed ogre
  7796 | D:10     | Found a hide-covered altar of Uskayaw.
  7796 | D:10     | Noticed a deep elf mage
  7797 | D:10     | Noticed a deep elf mage
  7802 | D:10     | Killed a deep elf mage
  7809 | D:10     | Killed a deep elf mage
  7960 | D:11     | Noticed a two-headed ogre
  7970 | D:11     | Killed a two-headed ogre
  8021 | D:11     | Found a staircase to the Lair.
  8030 | D:11     | Reached ****** piety under Trog
  8655 | D:11     | Reached skill level 16 in Maces & Flails
  8680 | D:11     | Gained mutation: You possess an exceptional clarity of mind. [potion of mutation]
  8680 | D:11     | Gained mutation: Your system is resistant to poisons. (rPois) [potion of mutation]
  8680 | D:11     | Gained mutation: Your magical capacity is low. (-10% MP) [potion of mutation]
  8918 | D:11     | Noticed Urug
  8922 | D:11     | Killed Urug
  8970 | D:11     | You fall through a shaft for 2 floors!
  8973 | D:13     | Found a portal to a secret trove of treasure.
  9002 | D:13     | Noticed a two-headed ogre
  9031 | D:13     | Noticed a two-headed ogre
  9038 | D:13     | Noticed an ogre mage
  9039 | D:13     | Slain by a two-headed ogre

Vault maps used:
D:1:      dpeg_arrival_rhombus, st_stairs_4, kennysheep_nondescript
D:2:      first_bread
D:3:      chequers_temple_overflow_minitemple, grunt_ministairs_2, uniq_sigmund
D:4:      doesnt_xom_only_xom
D:5:      grunt_gozag_statues
D:6:      wad_lake_hut, nicolae_overflow_hidden_temple, dancing_weapons_uskayaw,
          kennysheep_little_box, uniq_menkaure, uniq_prince_ribbit1, uniq_edmund
D:7:      minmay_temple_entry_glass, serial_shops, shop, the_bakery,
          minmay_misc_feat_columns, minmay_misc_feat_square
D:8:      kennysheep_mini, nicolae_ossuary_entry_plus, basic_altar
D:9:      st_stairs_10, wad_floor_pattern_1
D:10:     david_defended_altar_elf
D:11:     erik_lair_island, uniq_urug
D:12:     david_orc_5, serial_bayou_pond_c, uniq_josephine
D:13:     david_vaults_2, nicolae_trove_entry_free_sample,
          portal_ice_cave_entry_ice_beasts
Ossuary:  ossuary_zaba_two_paths

Skill      XL: |  1  2  3  4  5  6  7  8  9 10 11 |
---------------+----------------------------------+-----
Maces & Flails | 3 4 5 6 7 9 11 13 14 16 | 16.3
Armour         | 4 |  4.6
Fighting       | |  2.4
Dodging        | |  2.4

Action                   |  1- 3 |  4- 6 |  7- 9 | 10-12 || total
-------------------------+-------+-------+-------+-------++-------
Melee: Mace              |   148 |   126 |   287 |       ||   561
       Dire flail        |       |       |   276 |   335 ||   611
Throw: Large rock        |       |       |       |     4 ||     4
       Javelin           |       |       |       |     3 ||     3
Invok: Berserk           |     1 |     2 |     9 |    12 ||    24
       Trog's Hand       |       |     1 |     1 |     2 ||     4
Evoke: Wand              |       |       |     1 |     4 ||     5
  Use: Potion            |       |     3 |       |     5 ||     8
       Scroll            |       |       |     2 |    16 ||    18
 Stab: Sleeping          |     1 |       |     1 |       ||     2
  Eat: Chunk             |    12 |    13 |    48 |    34 ||   107
       Fruit             |       |       |     1 |     6 ||     7
       Royal jelly       |       |       |     1 |       ||     1
Armor: Animal skin       |    56 |    29 |       |       ||    85
       Skin              |       |    17 |       |       ||    17
       Robe              |       |    24 |   183 |    21 ||   228
       Acid dragon scale |       |       |       |   151 ||   151
Dodge: Dodged            |    98 |    69 |   240 |   158 ||   565
